 Dungeon Crawl Stone Soup version 0.18.1-50-g88ac8fd (webtiles) character file.

84 wolfsongas the Ducker (level 4, 0/37 HPs)
             Began as a Minotaur Gladiator on Apr 30, 2017.
             Killed from afar by Sigmund (6 damage)
             ... with a puff of flame
             ... on level 2 of the Dungeon.
             The game lasted 00:09:01 (1404 turns).

wolfsongas the Ducker (Minotaur Gladiator)          Turns: 1404, Time: 00:09:01

Health: 0/37       AC:  5    Str: 21    XL:     4   Next: 24%
Magic:  3/3        EV: 11    Int:  5    God:
Gold:   81         SH:  3    Dex: 10    Spells: 0 memorised, 3 levels left

rFire  + . .     SeeInvis .     a - +0 war axe
rCold  + . .     Gourm    .     g - +0 ring mail
rNeg   . . .     Faith    .     i - +0 buckler
rPois  +         Spirit   .     c - +0 hat
rElec  +         Dismiss  .     (no cloak)
rCorr  +         Reflect  .     (no gloves)
SustAt .         Harm     .     (no boots)
MR     .....                    (no amulet)
Stlth  ..........               (no ring)
                                (no ring)

@: resistant, not resistant to hostile enchantments, extremely unstealthy
A: retaliatory headbutt, horns 2
a: no special abilities


You were on level 2 of the Dungeon.
You were not hungry.

You visited 1 branch of the dungeon, and saw 2 of its levels.

You collected 81 gold pieces.

Inventory:

Hand Weapons
 a - a +0 war axe (weapon)
 e - a +0 whip
Missiles
 d - 3 throwing nets (quivered)
Armour
 b - a +0 leather armour
 c - a +0 hat (worn)
 g - a +0 ring mail (worn)
 i - a +0 buckler (worn)
Wands
 k - a wand of digging (0/24)
Scrolls
 m - a scroll of enchant weapon {unknown}
Comestibles
 f - 2 bread rations
 j - 5 chunks of flesh


   Skills:
 + Level 2.8 Fighting
 + Level 4.3 Axes
 + Level 2.0 Throwing
 + Level 1.7 Armour
 + Level 4.4 Dodging
 + Level 0.2 Shields
 + Level 0.1 Evocations


You had 3 spell levels left.
You didn't know any spells.

Dungeon Overview and Level Annotations

Branches:
Dungeon (2/15)

Altars:
Pakellas

Annotations:
D:2 Sigmund


Innate Abilities, Weirdness & Mutations

You reflexively headbutt those who attack you in melee.
You have a pair of horns on your head.


Message History

Sigmund casts a spell at you. The puff of flame hits you!
* * * LOW HITPOINT WARNING * * *
You bump into the rock wall.
You feel less confused. Sigmund gestures at you while chanting.
The puff of flame hits you!
* * * LOW HITPOINT WARNING * * *
Drink which item? (? for menu, Esc to quit)
It was a potion of resistance.
You feel protected. Sigmund barely misses you.
You slash Sigmund!
Sigmund is severely wounded.
Sigmund hits you but does no damage.
You closely miss Sigmund. You headbutt Sigmund.
Sigmund is severely wounded.
Sigmund casts a spell at you. The puff of flame hits you! You resist.
You die...

# # # # # #### ##
##...#... #.
##........ ##.
###@........ #..
#..@........ #.#
##.#.....>... ###.#
#..#########. ##....
#..8.8.8.8.# #..#..
#..........# #.#...
#..........# #.#...
##########..........#
# #...
#.......##.........(#
...#...


You could see Sigmund.

Vanquished Creatures
  Natasha (D:2)
  An adder (D:2)
  A worm (D:2)
  A giant gecko (D:2)
  2 ball pythons (D:1)
  8 bats
  A giant cockroach (D:1)
  12 goblins
  5 hobgoblins (D:2)
  2 giant newts
  6 kobolds (D:2)
  2 rats
42 creatures vanquished.

Notes
Turn   | Place    | Note
--------------------------------------------------------------
     0 | D:1      | wolfsongas the Minotaur Gladiator began the quest for the Orb.
     0 | D:1      | Reached XP level 1. HP: 18/18 MP: 0/0
   392 | D:1      | Reached XP level 2. HP: 24/25 MP: 1/1
   895 | D:2      | Reached XP level 3. HP: 17/30 MP: 2/2
   980 | D:2      | Found an oddly glowing altar of Pakellas.
  1097 | D:2      | Reached skill level 1 in Armour
  1327 | D:2      | Noticed Natasha
  1330 | D:2      | Killed Natasha
  1330 | D:2      | Reached XP level 4. HP: 20/37 MP: 3/3
  1391 | D:2      | Noticed Sigmund
  1404 | D:2      | Killed from afar by Sigmund

Skill      XL: |  1  2  3 |
---------------+----------+-----
Axes           | 4 |  4.3
Dodging        | 4 |  4.4
Armour         | 1 |  1.7
Fighting       | |  2.8
Throwing       | |  2.0
Shields        | |  0.2
Evocations     | |  0.1

Action                   |  1- 3 |  4- 6 || total
-------------------------+-------+-------++-------
Melee: War axe           |    78 |    15 ||    93
       Headbutt          |    11 |     3 ||    14
Evoke: Wand              |     1 |       ||     1
  Use: Scroll            |     2 |       ||     2
       Potion            |       |     2 ||     2
  Eat: Bread ration      |     1 |       ||     1
Armor: Leather armour    |     6 |       ||     6
       Ring mail         |    42 |     8 ||    50
Dodge: Dodged            |    88 |    20 ||   108
Block: Buckler           |    15 |     1 ||    16
